 Dungeon Crawl Stone Soup version 0.23.2-40-g277498a001 (webtiles) character file.

Game seed: 16918020331993972813

28 Descartes the Vexing (level 3, -5/15 HPs)
             Began as a Felid Enchanter on Sept 7, 2019.
             Slain by a worm (9 damage)
             ... on level 2 of the Dungeon.
             The game lasted 00:04:08 (2594 turns).

Descartes the Vexing (Felid Enchanter)              Turns: 2594, Time: 00:04:08

Health: -5/15      AC:  1    Str:  5    XL:     3   Next: 0%
Magic:  4/7        EV: 18    Int: 16    God:
Gold:   19         SH:  0    Dex: 16    Spells: 5/6 levels left
                                        Lives:  0   Deaths: 0

rFire    . . .     SeeInvis +     - Unarmed
rCold    . . .     Gourm    .   (shield unavailable)
rNeg     . . .     Faith    .   (armour unavailable)
rPois    .         Spirit   .   (helmet unavailable)
rElec    .         Reflect  .   (cloak unavailable)
rCorr    .         Harm     .   (gloves unavailable)
MR       .....                  (boots unavailable)
Stlth    +++.......             (no amulet)
HPRegen  0.05/turn              (no ring)
MPRegen  0.10/turn              (no ring)

@: very slightly contaminated, quick
A: very small, no armour, no weapons or thrown items, stealth, claws 1, fangs 3,
see invisible, carnivore, speed 1, shaggy fur 1, slow metabolism 1, sharp paws
a: no special abilities


You were on level 2 of the Dungeon.
You were not hungry.

You visited 1 branch of the dungeon, and saw 2 of its levels.

You collected 19 gold pieces.

Inventory:

Missiles
 g - 36 stones
Jewellery
 c - a +5 amulet of reflection {unknown}
 i - an uncursed amulet of regeneration {unknown}
Scrolls
 e - a scroll of teleportation {unknown}
 f - 2 scrolls of identify {unknown}
 k - a scroll of magic mapping {unknown}
 l - a scroll of remove curse {unknown}
Potions
 a - 2 potions of mutation {unknown}
 d - a potion of haste {unknown}
 h - a potion of lignification {unknown}
 j - a potion of agility {unknown}
 m - a potion of heal wounds {unknown}
Comestibles
 b - 3 rations


   Skills:
 + Level 0.4 Fighting
 * Level 3.2 Dodging
 * Level 4.4 Stealth
 + Level 1.2 Unarmed Combat
 * Level 2.2 Spellcasting
 * Level 4.8 Hexes


You had 5 spell levels left.
You knew the following spells:

 Your Spells              Type           Power        Failure   Level  Hunger
a - Corona                Hex            ###....      2%          1    #......

Your spell library contained the following spells:

 Spells                   Type           Power        Failure   Level  Hunger
 Confuse                  Hex            ###.....     9%          3    ###....
 Tukima's Dance           Hex            ###.....     9%          3    ###....
 Ensorcelled Hibernation  Hex/Ice        #.....       12%         2    ###....
 Dazzling Spray           Conj/Hex       #.....       22%         3    ###....


Dungeon Overview and Level Annotations

Branches:
Dungeon (2/15)

Altars:
Xom


Innate Abilities, Weirdness & Mutations

You cannot wear armour.
You are incapable of wielding weapons or throwing items.
Your paws allow you to move quietly. (Stealth)
You have sharp claws.
You have razor-sharp teeth.
You have supernaturally acute eyesight. (SInv)
You are carnivorous and can eat meat at any time.
You cover ground quickly.
You are covered in fur. (AC +1)
You have a slow metabolism.
Your sharp claws are effective at attacking unaware monsters.


Message History

Nothing appears to happen.
Casting: Corona (safe; 2% risk of failure)
Confirm with . or Enter, or press ? or * to list all spells.
Aiming: Corona (safe; 2% risk of failure)
Press: ? - help, Shift-Dir - straight line, f/p - worm
Aim: a worm (heavily wounded, chance to defeat MR: 63%)
The worm struggles to resist.
Casting: Corona (safe; 2% risk of failure)
Confirm with . or Enter, or press ? or * to list all spells.
Aiming: Corona (safe; 2% risk of failure)
Press: ? - help, Shift-Dir - straight line, f/p - worm
Aim: a worm (lightly wounded, chance to defeat MR: 63%)
The worm is outlined in light.
You scratch the worm.
The worm is lightly wounded.
You scratch the worm but do no damage.
The worm is lightly wounded.
The worm stops glowing.
The worm bites you!
Ouch! That really hurt!
You die...

.######### ###########
....<..).##
#.........###
.#######).#
#............
##.###.........^^.
#######.........^..^_^.
..>................^^^.
###########............
#............
#...@.....###
#...w.....# ####.######
#.# ##.# ##..##
########....#
#..........##
#.####....##


You could see a worm.

Vanquished Creatures
  An adder (D:2)
  2 bats (D:1)
  6 goblins
  3 hobgoblins
  2 kobolds
  A quokka (D:2)
  A frilled lizard (D:2)
  2 rats (D:1)
18 creatures vanquished.

Notes
Turn   | Place    | Note
-------+----------+-------------------------------------------
     0 | D:1      | Descartes the Felid Enchanter began the quest for the Orb.
     0 | D:1      | Reached XP level 1. HP: 7/7 MP: 4/4
  1425 | D:1      | Reached XP level 2. HP: 11/11 MP: 6/6
  2289 | D:2      | Reached XP level 3. HP: 2/15 MP: 7/7
  2556 | D:2      | Found a shimmering altar of Xom.
  2594 | D:2      | Slain by a worm

Skill      XL: |  1  2 |
---------------+-------+-----
Dodging        | 3 |  3.2
Fighting       | |  0.4
Stealth        | |  4.4
Unarmed Combat | |  1.2
Spellcasting   | |  2.2
Hexes          | |  4.8

Action                   || total
-------------------------++-------
Melee: Unarmed           ||    90
       Bite              ||     9
 Cast: Corona            ||     3
 Stab: Sleeping          ||     4
  Eat: Chunk             ||     6
Armor: Skin              ||     3
Dodge: Dodged            ||    59
